 Dungeon Crawl Stone Soup version 0.24-a0-416-g56ce5178b7 (webtiles) character file.

Game seed: 591574067080793681

231 KristoblXynda the Ruffian (level 5, -9/45 HPs)
             Began as a Troll Wizard on June 9, 2019.
             Killed by nerve-wracking pain
             ... invoked by Grinder
              (12 damage)
             ... on level 3 of the Dungeon.
             The game lasted 00:08:16 (1929 turns).

KristoblXynda the Ruffian (Troll Wizard)            Turns: 1929, Time: 00:08:17

Health: -9/45      AC:  6    Str: 17      XL:     5   Next: 73%
Magic:  7/7        EV:  9    Int: 18 (20) God:
Gold:   178        SH:  0    Dex:  6 (8)  Spells: 4/8 levels left

rFire    . . .     SeeInvis .     - Unarmed
rCold    . . .     Gourm    +   (no shield)
rNeg     . . .     Faith    .   a - +0 robe
rPois    +         Spirit   .   b - +0 hat
rElec    .         Reflect  .   (no cloak)
rCorr    .         Harm     .   (gloves unavailable)
MR       .....                  (boots unavailable)
Stlth    +.........             (no amulet)
HPRegen  0.55/turn              g - +2 ring of strength
MPRegen  0.10/turn              l - ring of poison resistance

@: brilliant
A: large, unfitting armour, claws 3, fast metabolism 3, gourmand, regeneration
1, shaggy fur 1, tough skin 3
a: no special abilities


You were on level 3 of the Dungeon.
You were very full.

You visited 1 branch of the dungeon, and saw 3 of its levels.

You collected 178 gold pieces.

Inventory:

Armour
 a - a +0 robe (worn)
 b - a +0 hat (worn)
Jewellery
 e - an uncursed ring of protection from magic {unknown}
 g - a +2 ring of strength (left claw)
 l - a ring of poison resistance (right claw)
Scrolls
 c - 2 scrolls of remove curse {unknown}
 h - 2 scrolls of fog {unknown}
 j - 4 scrolls of identify
 k - a scroll of immolation {unknown}
Potions
 f - a potion of brilliance
Comestibles
 d - 5 rations


   Skills:
 - Level 1.5 Dodging
 - Level 1.0 Stealth
 + Level 3.8 Unarmed Combat
 - Level 2.0 Spellcasting
 + Level 3.0 Conjurations
   Level 0.6 Summonings
   Level 0.6 Translocations


You had 4 spell levels left.
You knew the following spells:

 Your Spells              Type           Power        Failure   Level  Hunger
a - Magic Dart            Conj           ###.         1%          1    #......
b - Mephitic Cloud        Conj/Pois/Air  ###.....     4%          3    ###....

Your spell library contained the following spells:

 Spells                   Type           Power        Failure   Level  Hunger
 Blink                    Tloc           N/A          2%          2    ###....
 Call Imp                 Summ           ##......     2%          2    ###....
 Slow                     Hex            ##......     3%          2    ###....
 Conjure Flame            Conj/Fire      ###.....     3%          3    ###....


Dungeon Overview and Level Annotations

Branches:
Dungeon (3/15)

Altars:
Elyvilon

Annotations:
D:3 Grinder


Innate Abilities, Weirdness & Mutations

You are too large for most types of armour.
You have claws for hands.
Your metabolism is lightning-fast.
You like to eat raw meat.
Your natural rate of healing is unusually fast.
You are covered in fur. (AC +1)
You have extremely tough skin. (AC +3)


Message History

* * * LOW HITPOINT WARNING * * *
You feel better. Grinder hits you.
You barely miss Grinder.
Grinder is heavily wounded.
Grinder hits you!
* * * LOW HITPOINT WARNING * * *
You writhe in agony.
* * * LOW HITPOINT WARNING * * *
You claw Grinder!
Grinder is severely wounded.
Grinder hits you.
* * * LOW HITPOINT WARNING * * *
You writhe in agony.
* * * LOW HITPOINT WARNING * * *
Unknown command.
There is a stone staircase leading up here.
You see here a +0 flail.
Grinder gestures at you. Pain shoots through your body!
You die...

.##)##...........#......##
.............!...#<......##
....#..#...)..............###
....#..#.###..#..............
....##...##. .##.............
.........##.. ##..........#
....##..... .. ##5[.......#
............##.##)...........
^...............@......[....#
#.....#..........>....>#..
#$...)...........# #
###..............#
#................
##...............
#.........##. .....$....#


You could see Grinder.

Vanquished Creatures
  A howler monkey (D:2)
  Natasha (D:2)
  Terence (D:2)
  A killer bee zombie (D:3)
  4 adders (D:2)
  4 worms
  A dart slug (D:1)
  A leopard gecko (D:1)
  3 orcs
  6 giant cockroaches
  12 goblins
  6 hobgoblins
  9 jackals
  2 ball pythons
  5 bats
  6 frilled lizards
  6 rats
69 creatures vanquished.

Notes
Turn   | Place    | Note
-------+----------+-------------------------------------------
     0 | D:1      | KristoblXynda the Troll Wizard began the quest for the Orb.
     0 | D:1      | Reached XP level 1. HP: 16/16 MP: 2/2
    71 | D:1      | Reached skill level 1 in Conjurations
   100 | D:1      | Reached skill level 1 in Unarmed Combat
   100 | D:1      | Reached XP level 2. HP: 22/24 MP: 4/4
   525 | D:2      | Reached XP level 3. HP: 27/31 MP: 5/5
   550 | D:2      | Noticed Terence
   563 | D:2      | Killed Terence
   576 | D:2      | Reached XP level 4. HP: 39/39 MP: 6/6
   587 | D:2      | Learned a level 3 spell: Mephitic Cloud
   706 | D:2      | Found a white marble altar of Elyvilon.
   887 | D:2      | Reached XP level 5. HP: 41/45 MP: 7/7
  1254 | D:2      | Noticed Natasha
  1282 | D:2      | Killed Natasha
  1706 | D:3      | Noticed Grinder
  1925 | D:3      | HP: 1/45 [Grinder (4)]
  1929 | D:3      | Killed from afar by Grinder

Levels and vault maps discovered:
D:1:      saegor_arrival_simple_e, layout_rooms, hex_medium
D:2:      layout_loops_corners, overflow_temple_1_default, uniq_terence,
          uniq_natasha
D:3:      layout_rooms, chequers_ecumenical_altar_grove, uniq_ijyb,
          uniq_sigmund, uniq_grinder

Skill      XL: |  1  2  3  4  5 |
---------------+----------------+-----
Conjurations   | 1 2 3 |  3.0
Unarmed Combat | 1 2 3 |  3.8
Dodging        | |  1.5
Stealth        | |  1.0
Spellcasting   | |  2.0
Summonings     | |  0.6
Translocations | |  0.6

Action                   |  1- 3 |  4- 6 || total
-------------------------+-------+-------++-------
Melee: Unarmed           |    62 |   172 ||   234
       Punch             |     1 |     1 ||     2
  Use: Potion            |       |     5 ||     5
       Scroll            |       |     1 ||     1
 Stab: Sleeping          |     2 |       ||     2
  Eat: Chunk             |    11 |    11 ||    22
Armor: Robe              |    23 |    78 ||   101
Dodge: Dodged            |    29 |   107 ||   136

Table legend:
 A = Non-vault XP
 B = Vault XP
 C = Vault XP percentage of total XP
 D = Non-vault monster count
 E = Vault monster count
 F = Vault count percentage of total count
                 A         B        C        D         E       F
            +---------+---------+-------+---------+---------+-------
      Total |     259 |      72 |  21.8 |      67 |       2 |   2.9
            +---------+---------+-------+---------+---------+-------
        D:1 |      37 |       0 |   0.0 |      20 |       0 |   0.0
        D:2 |     173 |      72 |  29.4 |      37 |       2 |   5.1
        D:3 |      49 |       0 |   0.0 |      10 |       0 |   0.0
            +---------+---------+-------+---------+---------+-------
